 Dungeon Crawl Stone Soup version 0.31.0-11-ge490571c62 (webtiles) character file.

Game seed: 4582313737969175016

44 PaiMei the Grave Robber (level 3, -2/25 HPs)
             Began as a Demonspawn Necromancer on Feb 2, 2024.
             Slain by Robin
             ... wielding a +0 spear
              (4 damage)
             ... on level 3 of the Dungeon.
             The game lasted 00:02:28 (1962 turns).

PaiMei the Grave Robber (Demonspawn Necromancer)    Turns: 1962, Time: 00:02:29

Health: -2/25      AC:  2    Str:  8    XL:     3   Next: 39%
Magic:  0/6        EV: 12    Int: 17    God:
Gold:   74         SH:  0    Dex: 13    Spells: 2/6 levels left

rFire   . . .        j - +0 mace
rCold   . . .        (no shield)
rNeg    . . .        a - +0 robe
rPois   .            (no helmet)
rElec   .            (no cloak)
rCorr   .            (no gloves)
SInv    .            (no boots)
Will    .....        (no amulet)
Stlth   ++           (no ring)
HPRegen 0.24/turn    (no ring)
MPRegen 0.10/turn

%: no passive effects
@: no status effects
A: weakness stinger 1
a: no special abilities


You were on level 3 of the Dungeon.
You visited 1 branch of the dungeon, and saw 3 of its levels.

You collected 74 gold pieces.

Inventory:

Hand Weapons
 f - a +0 club
 j - a +0 mace (weapon)
Missiles
 c - 9 poisoned darts (quivered)
Armour
 a - a +0 robe (worn)
Scrolls
 d - a scroll of enchant weapon {unknown}
 e - 2 scrolls of identify {unknown}
 i - a scroll of blinking {unknown}
 k - a scroll of torment {unknown}
 l - a scroll of vulnerability {unknown}
Potions
 b - a potion of magic
 g - a potion of attraction {unknown}
 h - a potion of invisibility {unknown}


   Skills:
 + Level 0.9 Fighting
 + Level 2.3 Dodging
 - Level 2.1 Stealth
 + Level 2.4 Spellcasting
 + Level 4.7 Necromancy


You had 2 spell levels left.
You knew the following spells:

 Your Spells              Type           Power      Damage    Failure   Level
a - Necrotise             Necr           72%        1d7       2%          1
b - Vampiric Draining     Necr           18%        2d7       8%          3

Your spell library contained the following spells:

 Spells                   Type           Power      Damage    Failure   Level
 Sublimation of Blood     Necr           18%        N/A       4%          2
 Call Imp                 Summ           4%         N/A       28%         2
 Animate Dead             Necr           18%        N/A       26%         4
 Curse of Agony           Necr           18%        N/A       58%         5
 Summon Hydra             Summ           1%         N/A       100%        7


Dungeon Overview and Level Annotations

Branches:
Dungeon (3/15)

Altars:

Annotations:
D:3 Robin


Innate Abilities, Weirdness & Mutations

You have a small tail.


Message History

The rat closely misses you.
Casting: Necrotise (safe; 2% risk of failure)
Confirm with . or Enter, or press ? or * to list all spells.
You don't have enough magic to cast this spell.
You hit the rat.
You kill the rat!
The goblin hits you but does no damage. Robin barely misses you.
Casting: Necrotise (safe; 2% risk of failure)
Confirm with . or Enter, or press ? or * to list all spells.
You don't have enough magic to cast this spell.
Robin roars a battlecry!
The goblin attacks as it pursues you! The goblin closely misses you.
Casting: Necrotise (safe; 2% risk of failure)
Confirm with . or Enter, or press ? or * to list all spells.
Aiming: Necrotise (safe; 2% risk of failure)
Press: ? - help, Shift-Dir - straight line, f - goblin
Aim: a goblin, wielding a +0 dagger (strong, chance to affect: 88%)
The goblin writhes in agony.
You kill the goblin!
The dead are walking!
Casting: Necrotise (safe; 2% risk of failure)
Confirm with . or Enter, or press ? or * to list all spells.
You don't have enough magic to cast this spell.
Casting: Necrotise (safe; 2% risk of failure)
Confirm with . or Enter, or press ? or * to list all spells.
You don't have enough magic to cast this spell.
Your goblin skeleton barely misses the hobgoblin.
Robin attacks as they pursue you! Robin barely misses you.
Robin attacks as they pursue you!
Robin hits you from afar with a +0 spear.
* * * LOW HITPOINT WARNING * * *
You open the door.
Robin roars a battlecry!
The goblin goes into a battle-frenzy!
A goblin comes into view. It is wielding a +0 dagger.
Robin says, "My goblins will feast on your bones."
Robin attacks as they pursue you!
Robin hits you from afar with a +0 spear.
You die...
Robin says, "And that's why I'm the boss."

#.# #...... #.# #...... #+#
#.#### #......
#######.######....########......
.........).g.gg..........+......
######.#########.###.####......
#.# ##.....####......
######)########...........g....
.......?g.Zg.g.@................
........########.≈≈≈............
........# #.≈)≈......##+#..
........+ ..g≈≈≈.......# '..
........# ###......####.# #..
....)...# ###.#### #.# ##g
........# #.# #.####. ####### ..
#...# . ###.##


You could see Robin (ally target), a hobgoblin (strong), 2 goblins and a
friendly goblin skeleton.

Vanquished Creatures
  An adder (D:3)
  2 dart slugs (D:1)
  3 ball pythons (D:1)
  2 bats (D:1)
  2 endoplasms
  A giant cockroach (D:1)
  6 goblins (D:3)
  4 hobgoblins
  2 kobolds (D:1)
  4 rats
27 creatures vanquished.

Notes
Turn   | Place    | Note
-------+----------+-------------------------------------------
     0 | D:1      | PaiMei the Demonspawn Necromancer began the quest for the
                  | Orb.
     0 | D:1      | Reached XP level 1. HP: 13/13 MP: 3/3
   556 | D:1      | Gained mutation: You have a small tail. [demonic ancestry]
   556 | D:1      | Reached XP level 2. HP: 15/19 MP: 3/5
   941 | D:1      | Found a faded altar of an unknown god.
  1786 | D:2      | You fall into a shaft and drop 1 floor!
  1813 | D:3      | Reached XP level 3. HP: 25/25 MP: 1/6
  1884 | D:3      | Learned a level 3 spell: Vampiric Draining
  1894 | D:3      | Noticed Robin
  1962 | D:3      | Slain by Robin

Illustrated notes

Levels and vault maps discovered:
D:1:      dpeg_arrival_three_same_balls, layout_basic,
          ebering_ecumenical_altar_webs
D:2:      layout_loops_cross, lightli_corner_chamber
D:3:      layout_basic, minmay_gold_behind_fungi,
          corexii_item_surrounded_by_moat, uniq_robin

Skill      XL: |  1 |
---------------+----+-----
Stealth        | 2 |  2.1
Dodging        | 2 |  2.3
Fighting       | |  0.9
Spellcasting   | |  2.4
Necromancy     | |  4.7

Action                     || total
---------------------------++-------
  Melee: Club              ||    10
         Tailslap          ||     4
         Mace              ||    13
   Cast: Necrotise         ||    51
 Armour: Robe              ||    40
  Dodge: Dodged            ||    45
